[Event "FIDE WSTC Open 65 2025"]
[Site "Prague"]
[Date "2025.02.17"]
[Round "1.43"]
[White "Svanholm, Borge Waaktaar"]
[Black "Lederman, Leon"]
[Result "*"]
[Annotator "ChessBase"]
[ECO "A56"]
[WhiteElo "1913"]
[BlackElo "2198"]
[PlyCount "49"]
[EventDate "2025.02.17"]
[EventType "team-tourn"]
[EventCountry "CZE"]
[SourceTitle "playchess.com"]
[Source "ChessBase"]
[SourceQuality "1"]
[TimeControl "40/5400+30:1800+30"]

1. d4 Nf6 2. c4 c5 3. d5 e5 4. Nc3 d6 5. e4 Be7 6. Nf3 O-O 7. Be2 Ne8 8. Qc2 Nd7 9. O-O g6 10. Rb1 Ng7 11. Ne1 Bg5 12. Nf3 Bf4 13. g3 Bxc1 14. Qxc1 f5 15. Qg5 Nf6 16. Nd2 Qe7 17. f3 Nxd5 18. Qxe7 Nxe7 19. Nd5 Nc6 20. f4 Be6 21. Rbd1 Nd4 22. Bd3 Bxd5 23. cxd5 b5 24. fxe5 dxe5 25. Nf3 *

[Event "FIDE WSTC Open 65 2025"]
[Site "Prague"]
[Date "2025.02.17"]
[Round "1.44"]
[White "Gal, Moshe"]
[Black "Ortoft, Kai"]
[Result "*"]
[Annotator "NA"]
[ECO "E63"]
[WhiteElo "2059"]
[BlackElo "1985"]
[PlyCount "42"]
[EventDate "2025.02.17"]
[EventType "team-tourn"]
[EventCountry "CZE"]
[SourceTitle "playchess.com"]
[Source "ChessBase"]
[SourceQuality "1"]
[TimeControl "40/5400+30:1800+30"]

1. c4 Nf6 2. Nc3 g6 3. g3 Bg7 4. Bg2 O-O 5. d4 d6 6. h3 Nc6 7. Nf3 a6 8. O-O Rb8 9. e4 e5 10. Be3 exd4 11. Nxd4 Nxd4 12. Bxd4 b5 13. cxb5 Ne8 14. e5 Bb7 15. Bxb7 Rxb7 16. Qf3 Qa8 17. a4 dxe5 18. Bc5 Nd6 19. Rfd1 Rd8 20. Qc6 axb5 21. Nxb5 Qb8 *

[Event "FIDE WSTC Open 65 2025"]
[Site "Prague"]
[Date "2025.02.17"]
[Round "1.44"]
[White "Gal, Moshe"]
[Black "Svanholm, Borge Waaktaar"]
[Result "1/2-1/2"]
[Annotator "ChessBase"]
[ECO "E63"]
[WhiteElo "2059"]
[BlackElo "1913"]
[PlyCount "87"]
[EventDate "2025.02.17"]
[EventType "team-tourn"]
[EventCountry "CZE"]
[SourceTitle "playchess.com"]
[Source "ChessBase"]
[SourceQuality "1"]
[TimeControl "40/5400+30:1800+30"]

1. c4 Nf6 2. Nc3 g6 3. g3 Bg7 4. Bg2 O-O 5. d4 d6 6. h3 Nc6 7. Nf3 a6 8. O-O Rb8 9. e4 e5 10. Be3 exd4 11. Nxd4 Nxd4 12. Bxd4 b5 13. cxb5 Ne8 14. e5 Bb7 15. Bxb7 Rxb7 16. Qf3 Qa8 17. a4 dxe5 18. Bc5 Nd6 19. Rfd1 Rd8 20. Qc6 axb5 21. Nxb5 Qb8 22. Bxd6 cxd6 23. Rac1 Bf8 24. Rd5 Rb6 25. Qc7 Rb7 26. Qa5 Rc8 27. Qd2 Rxc1+ 28. Qxc1 Rb6 29. Rd3 Qb7 30. Rc3 Qe4 31. Rc8 Kg7 32. b3 Rb7 33. Qc4 Qf3 34. Rxf8 Kxf8 35. a5 Rb8 36. a6 Qa8 37. a7 Rxb5 38. Qxb5 Qxa7 39. b4 Qa1+ 40. Kg2 Qd4 41. Qb7 d5 42. b5 Qe4+ 43. Kh2 Kg7 44. b6 1/2-1/2

[Event "FIDE WSTC Open 65 2025"]
[Site "Prague"]
[Date "2025.02.17"]
[Round "1.45"]
[White "Kiss, Attila"]
[Black "Lagerborg, Krister"]
[Result "1-0"]
[Annotator "ChessBase"]
[ECO "B51"]
[WhiteElo "2276"]
[BlackElo "2031"]
[PlyCount "81"]
[EventDate "2025.02.17"]
[EventType "team-tourn"]
[EventCountry "CZE"]
[SourceTitle "playchess.com"]
[Source "ChessBase"]
[SourceQuality "1"]
[TimeControl "40/5400+30:1800+30"]

1. e4 c5 2. Nf3 d6 3. Bb5+ Nd7 4. d4 a6 5. Bxd7+ Bxd7 6. Nc3 e6 7. O-O Be7 8. Re1 b5 9. dxc5 dxc5 10. e5 Bc6 11. Qe2 Qc7 12. a4 Rb8 13. axb5 axb5 14. Ne4 Nh6 15. Bg5 Bxe4 16. Qxe4 Nf5 17. Bf4 O-O 18. c3 Nh4 19. Nxh4 Bxh4 20. Ra6 Qb7 21. Qxb7 Rxb7 22. Rc6 c4 23. Ra1 Be7 24. Be3 h6 25. g3 Rd8 26. Kf1 g5 27. Ke2 Kg7 28. g4 Kg6 29. Kf3 h5 30. h3 hxg4+ 31. hxg4 Bf8 32. Ke4 Bg7 33. Bd4 Bf8 34. Raa6 Rd5 35. Rxe6+ fxe6 36. Rxe6+ Kf7 37. Rf6+ Ke8 38. Kxd5 Rd7+ 39. Kc6 Rxd4 40. cxd4 b4 41. Kd5 1-0

[Event "FIDE WSTC Open 65 2025"]
[Site "Prague"]
[Date "2025.02.17"]
[Round "1.46"]
[White "Akervall, Nils"]
[Black "Nemeth, Zoltan"]
[Result "1-0"]
[Annotator "RC"]
[ECO "B13"]
[WhiteElo "1948"]
[BlackElo "2192"]
[PlyCount "233"]
[EventDate "2025.02.17"]
[EventType "team-tourn"]
[EventCountry "CZE"]
[SourceTitle "playchess.com"]
[Source "ChessBase"]
[SourceQuality "1"]
[TimeControl "40/5400+30:1800+30"]

1. e4 c6 2. d4 d5 3. exd5 cxd5 4. Bd3 Nc6 5. c3 Qc7 6. h3 g6 7. Nf3 Nh6 8. O-O Bf5 9. Re1 Bxd3 10. Qxd3 Bg7 11. Nbd2 O-O 12. Nf1 Nf5 13. Ne3 Nxe3 14. Bxe3 a6 15. Nd2 Na5 16. b4 Nc4 17. Nxc4 dxc4 18. Qe4 e6 19. Bf4 Qd7 20. Be5 f6 21. Bg3 Rfe8 22. Re2 Qd5 23. Rae1 Qxe4 24. Rxe4 Kf7 25. a4 Rad8 26. a5 Rd5 27. Bh2 h5 28. h4 f5 29. R4e2 Bf6 30. Bg3 Rb5 31. f4 Rd5 32. Bf2 Bd8 33. Ra2 Bc7 34. g3 Ke7 35. Kg2 Kd7 36. Kf3 Rd6 37. Bg1 Kc6 38. Bf2 Kb5 39. Bg1 Rc6 40. Bf2 Rd6 41. Bg1 b6 42. axb6 Bxb6 43. Bf2 Ra8 44. Rb1 Ra7 45. Bg1 Kc6 46. Rba1 Kb7 47. Bf2 Ra8 48. Bg1 Bc7 49. Bf2 Rd5 50. Re1 Rd6 51. Rb1 Rc6 52. Bg1 Rd8 53. Bf2 Rd5 54. Bg1 Rb5 55. Rba1 a5 56. bxa5 Ka6 57. Be3 Rxa5 58. Bd2 Rxa2 59. Rxa2+ Ba5 60. Ke3 Rd6 61. Ke2 Rd7 62. Kd1 Kb5 63. Kc2 Rb7 64. Ra1 Bc7 65. Re1 Rb6 66. Ra1 Kc6 67. Re1 Kd5 68. Re3 Ra6 69. Kb2 Bd6 70. Be1 Ba3+ 71. Kc2 Bd6 72. Kb2 Rb6+ 73. Kc2 Rb3 74. Bd2 Bc7 75. Be1 Ra3 76. Kb2 Ra5 77. Bd2 Kd6 78. Re1 Kd7 79. Re3 Bd6 80. Re1 Rb5+ 81. Kc2 Ba3 82. Bc1 Bd6 83. Bd2 Ra5 84. Kb2 Ra3 85. Be3 Rb3+ 86. Kc2 Ba3 87. Bc1 Be7 88. Bd2 Ra3 89. Kb2 Ra5 90. Be3 Bd6 91. Bd2 Bc7 92. Be3 Kc6 93. Bd2 Kd5 94. Re3 Bd6 95. Re1 Ra6 96. Re3 Ra8 97. Re1 Ra3 98. Re3 Ra4 99. Re1 Ra8 100. Re3 Ra3 101. Re1 Rb3+ 102. Kc2 Ba3 103. Bc1 Bxc1 104. Rxc1 Ke4 105. Re1+ Kf3 106. Rxe6 Kxg3 107. Rxg6+ Kxh4 108. d5 Rb5 109. d6 Rd5 110. Rg5 Rxd6 111. Rxf5 Re6 112. Kd2 Re4 113. Rf8 Kg4 114. f5 h4 115. f6 Kf5 116. f7 Kf6 117. Re8 1-0

[Event "FIDE WSTC Open 65 2025"]
[Site "Prague"]
[Date "2025.02.17"]
[Round "1.47"]
[White "Hardicsay, Peter"]
[Black "Olsson, Torgny"]
[Result "1/2-1/2"]
[Annotator "ChessBase"]
[ECO "E86"]
[WhiteElo "2164"]
[BlackElo "1902"]
[PlyCount "141"]
[EventDate "2025.02.17"]
[EventType "team-tourn"]
[EventCountry "CZE"]
[SourceTitle "playchess.com"]
[Source "ChessBase"]
[SourceQuality "1"]
[TimeControl "40/5400+30:1800+30"]

1. e4 c6 2. c4 d6 3. d4 g6 4. Nc3 Bg7 5. Be3 Nf6 6. f3 O-O 7. Qd2 e5 8. Nge2 Nbd7 9. O-O-O Qe7 10. Ng3 exd4 11. Bxd4 Ne5 12. Be3 Be6 13. Qxd6 Qxd6 14. Rxd6 Nxc4 15. Bxc4 Bxc4 16. Rhd1 Be6 17. Kb1 Ne8 18. Rd8 Nf6 19. R8d6 Ne8 20. R6d2 b6 21. Bg5 Nf6 22. Nge2 h6 23. Be3 Ne8 24. Nd4 Bd7 25. Bf4 Nf6 26. Bd6 Rfe8 27. Nde2 Be6 28. Nd4 Bd7 29. g4 Rac8 30. h4 a6 31. Nde2 Be6 32. Nf4 Nd7 33. h5 g5 34. Nxe6 Rxe6 35. Kc2 Be5 36. Ba3 Nf6 37. Rd8+ Re8 38. Rxc8 Rxc8 39. Be7 Kg7 40. Ne2 Re8 41. Bd6 Nd7 42. Bb4 Nf6 43. Be1 Bc7 44. Nd4 c5 45. Nf5+ Kh7 46. Bc3 Be5 47. a4 Bxc3 48. Kxc3 Re6 49. Kc4 Rc6 50. Rd8 Rc7 51. Rd6 Nd7 52. Rxh6+ Kg8 53. Rd6 Ne5+ 54. Kd5 Nxf3 55. Rxb6 c4 56. Rxa6 c3 57. bxc3 Rxc3 58. Ra8+ Kh7 59. Rf8 Rd3+ 60. Kc5 Ne5 61. Kb4 Nc6+ 62. Kb5 Ne5 63. Re8 Nxg4 64. a5 Nf6 65. Re7 Nxh5 66. Rxf7+ Kg6 67. Rf8 Nf6 68. a6 Nxe4 69. a7 Ra3 70. Ne7+ Kh5 71. a8=Q 1/2-1/2

[Event "FIDE WSTC Open 65 2025"]
[Site "Prague"]
[Date "2025.02.17"]
[Round "1.48"]
[White "Andersson, Erik"]
[Black "Dory, Jeno"]
[Result "0-1"]
[Annotator "ChessBase"]
[ECO "A05"]
[WhiteElo "1858"]
[BlackElo "2143"]
[PlyCount "98"]
[EventDate "2025.02.17"]
[EventType "team-tourn"]
[EventCountry "CZE"]
[SourceTitle "playchess.com"]
[Source "ChessBase"]
[SourceQuality "1"]
[TimeControl "40/5400+30:1800+30"]

1. Nf3 c5 2. b3 Nf6 3. Bb2 e6 4. e3 Be7 5. h3 b6 6. Be2 Bb7 7. O-O O-O 8. d4 cxd4 9. Nxd4 d5 10. Nd2 Nbd7 11. c4 Nc5 12. b4 Nce4 13. a3 Rc8 14. cxd5 Qxd5 15. N2f3 a6 16. Rc1 Qa2 17. Qb3 Qxb3 18. Nxb3 Nd5 19. Bd3 Ndc3 20. Bxe4 Nxe4 21. Nbd2 Nd6 22. Nd4 e5 23. N4b3 f6 24. f3 Kf7 25. Kf2 Rfd8 26. Rxc8 Rxc8 27. Rc1 Rxc1 28. Bxc1 Bd5 29. e4 Be6 30. Na1 Ke8 31. Nc2 Kd7 32. Ke3 Nc4+ 33. Kd3 Nxd2 34. Kxd2 g6 35. g4 Kc6 36. Ne3 Kb5 37. Kc3 a5 38. bxa5 bxa5 39. Bb2 Bc5 40. Bc1 Bd4+ 41. Kd3 a4 42. Bd2 Bc5 43. Bc1 Kc6 44. Kc3 Bc8 45. g5 fxg5 46. Nc4 Bd4+ 47. Kd3 h6 48. Bd2 Bxh3 49. Bb4 Bf1+ 0-1

[Event "FIDE WSTC Open 65 2025"]
[Site "Prague"]
[Date "2025.02.18"]
[Round "2.1"]
[White "Glienke, Manfred"]
[Black "Nunn, John D M"]
[Result "1/2-1/2"]
[Annotator "ChessBase"]
[ECO "E62"]
[WhiteElo "2187"]
[BlackElo "2533"]
[PlyCount "49"]
[EventDate "2025.02.17"]
[EventType "team-tourn"]
[EventCountry "CZE"]
[SourceTitle "playchess.com"]
[Source "ChessBase"]
[SourceQuality "1"]
[TimeControl "40/5400+30:1800+30"]

1. d4 Nf6 2. Nf3 g6 3. c4 Bg7 4. g3 O-O 5. Bg2 d6 6. O-O Nc6 7. Nc3 Rb8 8. Bf4 a6 9. Rc1 Bd7 10. b3 b5 11. cxb5 axb5 12. d5 Na7 13. Be3 c5 14. dxc6 Nxc6 15. Nd4 Nxd4 16. Bxd4 Qa5 17. Bxf6 Bxf6 18. Nd5 Qxa2 19. Nxf6+ exf6 20. Qxd6 Be6 21. b4 Qxe2 22. Rfe1 Qb2 23. Rb1 Qc2 24. Rbc1 Qb2 25. Rb1 1/2-1/2

[Event "FIDE WSTC Open 65 2025"]
[Site "Prague"]
[Date "2025.02.18"]
[Round "2.2"]
[White "Flear, Glenn C"]
[Black "Weiss, Christian"]
[Result "1-0"]
[Annotator "ChessBase"]
[ECO "D47"]
[WhiteElo "2384"]
[BlackElo "2371"]
[PlyCount "101"]
[EventDate "2025.02.17"]
[EventType "team-tourn"]
[EventCountry "CZE"]
[SourceTitle "playchess.com"]
[Source "ChessBase"]
[SourceQuality "1"]
[TimeControl "40/5400+30:1800+30"]

1. d4 d5 2. c4 e6 3. Nc3 c6 4. e3 Nd7 5. Bd3 dxc4 6. Bxc4 b5 7. Be2 Ngf6 8. Nf3 b4 9. Na4 Bb7 10. O-O Be7 11. a3 a5 12. Qc2 O-O 13. axb4 axb4 14. Bd2 Ra5 15. Rfc1 Qa8 16. Qd1 Rd8 17. b3 Ne4 18. Qe1 Nxd2 19. Nxd2 c5 20. Nc4 Ra7 21. dxc5 Bxg2 22. Nab6 Qe4 23. Rxa7 Qg6 24. Bh5 Qg5 25. h4 Qxh5 26. Kxg2 Qg4+ 27. Kf1 Nxc5 28. Qe2 Qh3+ 29. Kg1 Bxh4 30. Ra8 Rxa8 31. Nxa8 Ne4 32. Nd2 Nc3 33. Qf1 Qg4+ 34. Kh2 Be7 35. f4 Bh4 36. Qf3 Bg3+ 37. Qxg3 Qxg3+ 38. Kxg3 Ne2+ 39. Kf3 Nxc1 40. Nc7 Kf8 41. Na6 Na2 42. e4 f6 43. Ke3 Ke7 44. Kd4 g5 45. fxg5 fxg5 46. Kc4 g4 47. Nxb4 h5 48. Nxa2 h4 49. Kd3 g3 50. Ke2 h3 51. Kf3 1-0

[Event "FIDE WSTC Open 65 2025"]
[Site "Prague"]
[Date "2025.02.18"]
[Round "2.3"]
[White "Sprotte, Norbert"]
[Black "Large, Peter G"]
[Result "0-1"]
[Annotator "ChessBase"]
[ECO "E12"]
[WhiteElo "2129"]
[BlackElo "2314"]
[PlyCount "76"]
[EventDate "2025.02.17"]
[EventType "team-tourn"]
[EventCountry "CZE"]
[SourceTitle "playchess.com"]
[Source "ChessBase"]
[SourceQuality "1"]
[TimeControl "40/5400+30:1800+30"]

1. d4 Nf6 2. Nf3 e6 3. c4 b6 4. a3 Ba6 5. Qc2 Bb7 6. Nc3 c5 7. Bf4 cxd4 8. Nxd4 Nh5 9. Bd2 Nc6 10. Nxc6 Bxc6 11. e4 Qb8 12. Be2 Nf6 13. Bg5 Bd6 14. g3 h5 15. Bxf6 gxf6 16. Nb5 Bc5 17. Qc3 Be7 18. Bf3 a6 19. Nd4 Bb7 20. h4 Qe5 21. Ne2 Qxc3+ 22. Nxc3 Rc8 23. Be2 f5 24. f3 Rg8 25. exf5 Rxg3 26. fxe6 dxe6 27. Kf2 Rg8 28. Ne4 f5 29. Ng5 Bc5+ 30. Kf1 Ke7 31. Rd1 Rcd8 32. Rd3 Rxd3 33. Bxd3 Be3 34. Ke2 Bxg5 35. Rg1 Rd8 36. Rxg5 Bxf3+ 37. Ke3 Bg4 38. c5 f4+ 0-1

[Event "FIDE WSTC Open 65 2025"]
[Site "Prague"]
[Date "2025.02.18"]
[Round "2.4"]
[White "Chapman, Terry P D"]
[Black "Lanzendoerfer, Johannes"]
[Result "1/2-1/2"]
[Annotator "ChessBase"]
[ECO "B36"]
[WhiteElo "2278"]
[BlackElo "2131"]
[PlyCount "47"]
[EventDate "2025.02.17"]
[EventType "team-tourn"]
[EventCountry "CZE"]
[SourceTitle "playchess.com"]
[Source "ChessBase"]
[SourceQuality "1"]
[TimeControl "40/5400+30:1800+30"]

1. d4 Nf6 2. c4 c5 3. Nf3 cxd4 4. Nxd4 Nc6 5. Nc3 g6 6. e4 Nxd4 7. Qxd4 d6 8. Be2 Bg7 9. Be3 O-O 10. Qd2 Bd7 11. O-O Bc6 12. f3 a5 13. Rfd1 a4 14. Rab1 Qa5 15. Bd4 Nd7 16. Bxg7 Kxg7 17. Kh1 Rfd8 18. b4 axb3 19. axb3 Qe5 20. f4 Qf6 21. Qe3 b6 22. Nd5 Bxd5 23. exd5 Ra3 24. Re1 1/2-1/2

[Event "FIDE WSTC Open 65 2025"]
[Site "Prague"]
[Date "2025.02.18"]
[Round "2.5"]
[White "Vaisser, Anatoly"]
[Black "Roos, Jean-Luc"]
[Result "0-1"]
[Annotator "ChessBase"]
[ECO "D35"]
[WhiteElo "2452"]
[BlackElo "2165"]
[PlyCount "140"]
[EventDate "2025.02.17"]
[EventType "team-tourn"]
[EventCountry "CZE"]
[SourceTitle "playchess.com"]
[Source "ChessBase"]
[SourceQuality "1"]
[TimeControl "40/5400+30:1800+30"]

1. d4 d5 2. c4 e6 3. Nc3 Be7 4. cxd5 exd5 5. Bf4 c6 6. Qc2 g6 7. e3 Bf5 8. Bd3 Bxd3 9. Qxd3 Nf6 10. Nf3 Nbd7 11. h3 O-O 12. O-O Re8 13. Rab1 a5 14. Rfc1 Bf8 15. a3 Ne4 16. Ne5 Nxe5 17. Bxe5 Bd6 18. Bxd6 Nxd6 19. b3 Qe7 20. Ne2 Nb5 21. a4 Nc7 22. Nf4 Na6 23. Qd2 Nb4 24. Nd3 Nxd3 25. Qxd3 Qd6 26. Rc5 f5 27. g3 Re7 28. Kg2 Rc7 29. Qd2 b6 30. Rc3 Kg7 31. Rbc1 h5 32. Qe2 Qe6 33. Qf3 Rac8 34. Qf4 Qe4+ 35. f3 Qxf4 36. gxf4 Kf6 37. h4 Ke6 38. Kf2 Kd6 39. Rg1 Rg8 40. e4 dxe4 41. fxe4 fxe4 42. Rcg3 c5 43. Ke3 cxd4+ 44. Kxd4 Rd7 45. Rxg6+ Kc7+ 46. Ke5 Rxg6 47. Rxg6 e3 48. Rg1 e2 49. Re1 Re7+ 50. Kd5 Kd7 51. f5 Ke8 52. Kc6 Re3 53. Kxb6 Rxb3+ 54. Kxa5 Rb2 55. Ka6 Kf7 56. a5 Kf6 57. Ka7 Kxf5 58. a6 Kf4 59. Ka8 Kf3 60. a7 Rd2 61. Kb7 Rd7+ 62. Kb6 Rxa7 63. Kxa7 Kf2 64. Ra1 e1=Q 65. Rxe1 Kxe1 66. Kb6 Kf2 67. Kc5 Kg3 68. Kd4 Kxh4 69. Ke3 Kg3 70. Ke2 Kg2 0-1

[Event "FIDE WSTC Open 65 2025"]
[Site "Prague"]
[Date "2025.02.18"]
[Round "2.6"]
[White "Boulard, Eric"]
[Black "Haik, Aldo"]
[Result "1/2-1/2"]
[Annotator "ChessBase"]
[ECO "E17"]
[WhiteElo "2162"]
[BlackElo "2377"]
[PlyCount "58"]
[EventDate "2025.02.17"]
[EventType "team-tourn"]
[EventCountry "CZE"]
[SourceTitle "playchess.com"]
[Source "ChessBase"]
[SourceQuality "1"]
[TimeControl "40/5400+30:1800+30"]

1. c4 e6 2. Nf3 b6 3. g3 Bb7 4. Bg2 Nf6 5. O-O c5 6. b3 Be7 7. Bb2 O-O 8. Nc3 d5 9. cxd5 Nxd5 10. d4 Nd7 11. Rc1 Rc8 12. Qd3 cxd4 13. Nxd5 Bxd5 14. Rxc8 Qxc8 15. Rc1 Qb7 16. Qxd4 Bf6 17. Qd2 Rc8 18. Rxc8+ Qxc8 19. Ne1 Bxb2 20. Qxb2 Bxg2 21. Nxg2 h6 22. Ne3 Nf6 23. Qd4 Qc1+ 24. Kg2 Qc6+ 25. f3 Qc1 26. Qd8+ Kh7 27. Qd3+ Kg8 28. Qd8+ Kh7 29. Qd3+ Kg8 1/2-1/2

[Event "FIDE WSTC Open 65 2025"]
[Site "Prague"]
[Date "2025.02.18"]
[Round "2.7"]
[White "Roos, Louis"]
[Black "Theon, Pierre"]
[Result "1-0"]
[Annotator "ChessBase"]
[ECO "D02"]
[WhiteElo "2312"]
[BlackElo "2079"]
[PlyCount "91"]
[EventDate "2025.02.17"]
[EventType "team-tourn"]
[EventCountry "CZE"]
[SourceTitle "playchess.com"]
[Source "ChessBase"]
[SourceQuality "1"]
[TimeControl "40/5400+30:1800+30"]

1. Nf3 c5 2. g3 Nc6 3. Bg2 d5 4. d4 e6 5. O-O Nf6 6. c3 Be7 7. Bf4 cxd4 8. cxd4 Qb6 9. b3 Bd7 10. Nc3 O-O 11. Na4 Qb5 12. Ne5 Nxe5 13. dxe5 Ne4 14. Bxe4 dxe4 15. Nc3 Qc6 16. Nxe4 Rad8 17. Qd3 Be8 18. Qe3 Qd5 19. f3 h6 20. h4 Bc6 21. Rac1 Qa5 22. Rc2 Rd5 23. Kg2 Rfd8 24. Rfc1 Ba3 25. Rb1 Rd1 26. Rxd1 Rxd1 27. Nf2 Ra1 28. Qd2 Qb6 29. Be3 Qb5 30. Bxa7 Bb4 31. Qd8+ Kh7 32. Qd3+ Qxd3 33. Nxd3 Be7 34. Bc5 Bd8 35. h5 g6 36. hxg6+ Kxg6 37. Nb4 Be8 38. Bd4 Rd1 39. Nd3 Bb5 40. Nf4+ Kf5 41. Be3 Bc6 42. Rc5 Bd5 43. Nxd5 exd5 44. Rb5 d4 45. Rd5 Bb6 46. Bxh6 1-0

[Event "FIDE WSTC Open 65 2025"]
[Site "Prague"]
[Date "2025.02.18"]
[Round "2.8"]
[White "Pivard, Jean-Louis"]
[Black "Giffard, Nicolas"]
[Result "0-1"]
[Annotator "ChessBase"]
[ECO "A31"]
[WhiteElo "1970"]
[BlackElo "2154"]
[PlyCount "88"]
[EventDate "2025.02.17"]
[EventType "team-tourn"]
[EventCountry "CZE"]
[SourceTitle "playchess.com"]
[Source "ChessBase"]
[SourceQuality "1"]
[TimeControl "40/5400+30:1800+30"]

1. d4 Nf6 2. Nf3 e6 3. c4 c5 4. Nc3 cxd4 5. Nxd4 a6 6. a3 b6 7. e4 d6 8. Be2 Bb7 9. f3 Be7 10. O-O O-O 11. Be3 Nbd7 12. Rc1 Rc8 13. b4 Re8 14. Qb3 Bf8 15. Bg5 h6 16. Bh4 Ne5 17. Rfd1 g5 18. Bg3 Nfd7 19. Nc2 Qf6 20. Ne3 Red8 21. h3 h5 22. Rc2 Rc7 23. Rcd2 Rdc8 24. Rxd6 Bxd6 25. Rxd6 Qe7 26. Rd2 f6 27. Ncd5 exd5 28. exd5 Qh7 29. c5 bxc5 30. d6+ c4 31. Qa2 Rc6 32. Bxe5 Nxe5 33. d7 Nxd7 34. Bxc4+ Kf8 35. Be6 R6c7 36. Nf5 Rb8 37. Bxd7 Rxd7 38. Qe6 Rxd2 39. Qxf6+ Ke8 40. Qe5+ Kd7 41. Qxb8 Qxf5 42. Qxb7+ Ke8 43. Qxa6 Rd1+ 44. Kf2 Qc2+ 0-1

[Event "FIDE WSTC Open 65 2025"]
[Site "Prague"]
[Date "2025.02.18"]
[Round "2.9"]
[White "Fernandes Jr., Jose Costa"]
[Black "Garcia Palermo, Carlos Horacio"]
[Result "0-1"]
[Annotator "ChessBase"]
[ECO "C10"]
[WhiteElo "2199"]
[BlackElo "2412"]
[PlyCount "134"]
[EventDate "2025.02.17"]
[EventType "team-tourn"]
[EventCountry "CZE"]
[SourceTitle "playchess.com"]
[Source "ChessBase"]
[SourceQuality "1"]
[TimeControl "40/5400+30:1800+30"]

1. e4 e6 2. d4 d5 3. Nd2 dxe4 4. Nxe4 Bd7 5. Nf3 Bc6 6. Bd3 Nd7 7. Qe2 Ngf6 8. Ng3 Bxf3 9. Qxf3 c6 10. O-O g6 11. Re1 Bg7 12. c3 O-O 13. h4 h5 14. Bg5 Qb6 15. Re2 c5 16. dxc5 Qxc5 17. Rae1 Qc7 18. Bf4 Qb6 19. Ne4 Ng4 20. Ng5 Rad8 21. Bc4 Qc5 22. Bb3 Nde5 23. Qe4 Nd3 24. Rf1 Nxf4 25. Qxf4 Be5 26. Qc4 Qb6 27. Nf3 Bf6 28. Qe4 Kg7 29. g3 Rd7 30. Kg2 Rfd8 31. Rfe1 Qc5 32. a3 b5 33. Qb4 Qc6 34. Qe4 Qb6 35. a4 bxa4 36. Qxa4 Rd6 37. Ba2 R8d7 38. Qe4 Qa5 39. Bb1 Rd5 40. b4 Qa3 41. c4 Rd1 42. b5 Rxe1 43. Rxe1 Qc5 44. Qe2 Bd4 45. Rf1 Rc7 46. Nxd4 Qxd4 47. Rc1 Rc5 48. Ba2 Rf5 49. Rf1 Qc3 50. Bb1 Rc5 51. Ba2 Re5 52. Qd1 Qb2 53. Qa1 Qe2 54. Kg1 Kh7 55. Bb3 Re3 56. Qa2 Qxa2 57. Bxa2 Ra3 58. Rc1 Rxa2 59. c5 Nxf2 60. c6 Ne4 61. c7 Nd6 62. c8=Q Nxc8 63. Rxc8 Kg7 64. Rc7 a5 65. Ra7 a4 66. b6 Rb2 67. Rxa4 Rxb6 0-1

[Event "FIDE WSTC Open 65 2025"]
[Site "Prague"]
[Date "2025.02.18"]
[Round "2.10"]
[White "Ortega, Lexy"]
[Black "Carvalho, Herbert Abreu"]
[Result "1-0"]
[Annotator "ChessBase"]
[ECO "D90"]
[WhiteElo "2348"]
[BlackElo "2123"]
[PlyCount "53"]
[EventDate "2025.02.17"]
[EventType "team-tourn"]
[EventCountry "CZE"]
[SourceTitle "playchess.com"]
[Source "ChessBase"]
[SourceQuality "1"]
[TimeControl "40/5400+30:1800+30"]

1. d4 Nf6 2. Nf3 g6 3. c4 c6 4. Nc3 d5 5. cxd5 cxd5 6. Bf4 Bg7 7. e3 O-O 8. h3 Qb6 9. a3 Bf5 10. Na4 Qd8 11. Rc1 Nc6 12. b4 Rc8 13. Be2 Nd7 14. O-O h6 15. Bg3 g5 16. Qb3 Nf6 17. Nc5 b6 18. Na4 Nb8 19. Nc3 e6 20. Nb5 a6 21. Nd6 Rxc1 22. Rxc1 Bh7 23. Rc8 Qe7 24. Qc3 Nfd7 25. Qc7 f5 26. Ne5 b5 27. Rxb8 1-0

[Event "FIDE WSTC Open 65 2025"]
[Site "Prague"]
[Date "2025.02.18"]
[Round "2.11"]
[White "Barreto, Ignacio C. de Barros"]
[Black "Sibilio, Mario"]
[Result "1/2-1/2"]
[Annotator "ChessBase"]
[ECO "D79"]
[WhiteElo "2048"]
[BlackElo "2229"]
[PlyCount "74"]
[EventDate "2025.02.17"]
[EventType "team-tourn"]
[EventCountry "CZE"]
[SourceTitle "playchess.com"]
[Source "ChessBase"]
[SourceQuality "1"]
[TimeControl "40/5400+30:1800+30"]

1. Nf3 d6 2. g3 g6 3. Bg2 Bg7 4. O-O Nf6 5. c4 O-O 6. Nc3 c6 7. d3 d5 8. cxd5 cxd5 9. d4 Ne4 10. Nxe4 dxe4 11. Ng5 Qxd4 12. Qxd4 Bxd4 13. Rd1 Nc6 14. Nxe4 Bg4 15. Kf1 Rfd8 16. h3 Be6 17. Bd2 Bxb2 18. Rab1 Bd4 19. Rxb7 Bb6 20. Ng5 Bd5 21. Bxd5 Rxd5 22. Nf3 Re8 23. Rc1 Na5 24. Bxa5 Rxa5 25. Rc2 Kf8 26. Rd7 Rb8 27. Nd4 Bxd4 28. Rxd4 Rb7 29. Rd8+ Kg7 30. Kg2 h5 31. h4 Ra3 32. Rdc8 Rb6 33. R8c3 Rba6 34. Rxa3 Rxa3 35. e3 Kf6 36. Kf3 Ke5 37. Rd2 Ke6 1/2-1/2

[Event "FIDE WSTC Open 65 2025"]
[Site "Prague"]
[Date "2025.02.18"]
[Round "2.12"]
[White "Ceschia, Ivano"]
[Black "Okamura, Milton Kasuo"]
[Result "0-1"]
[Annotator "ChessBase"]
[ECO "E14"]
[WhiteElo "2205"]
[BlackElo "2023"]
[PlyCount "94"]
[EventDate "2025.02.17"]
[EventType "team-tourn"]
[EventCountry "CZE"]
[SourceTitle "playchess.com"]
[Source "ChessBase"]
[SourceQuality "1"]
[TimeControl "40/5400+30:1800+30"]

1. d4 d5 2. Nf3 Nf6 3. e3 e6 4. Bd3 Be7 5. O-O O-O 6. b3 b6 7. Bb2 Bb7 8. c4 Nbd7 9. Nc3 c5 10. Rc1 cxd4 11. exd4 Rc8 12. Qe2 dxc4 13. bxc4 Re8 14. Rfd1 Bd6 15. Ne5 Bb8 16. Qe3 Nf8 17. Bc2 Qe7 18. Nb5 a6 19. Ba3 Qd8 20. Nc3 Qc7 21. Ba4 Red8 22. Nb5 axb5 23. cxb5 Nd5 24. Qh3 Nc3 25. Kh1 Nxa4 26. Rxc7 Rxc7 27. Nc6 Bxc6 28. bxc6 Rxc6 29. Qb3 Nc3 30. Rc1 Rdc8 31. g3 Nd5 32. Rxc6 Rxc6 33. Qa4 Rc8 34. h4 h6 35. Qa8 Rd8 36. Qc6 Nd7 37. Kg2 N7f6 38. Kf3 Ne8 39. Bc1 Bd6 40. g4 Be7 41. g5 hxg5 42. hxg5 g6 43. Kg4 Ng7 44. Kf3 Nf5 45. Be3 Kg7 46. Qb5 Rh8 47. Qb2 Nfxe3 0-1

[Event "FIDE WSTC Open 65 2025"]
[Site "Prague"]
[Date "2025.02.18"]
[Round "2.13"]
[White "Wirthensohn, Heinz"]
[Black "Yrjola, Jouni"]
[Result "1/2-1/2"]
[Annotator "ChessBase"]
[ECO "B38"]
[WhiteElo "2273"]
[BlackElo "2287"]
[PlyCount "41"]
[EventDate "2025.02.17"]
[EventType "team-tourn"]
[EventCountry "CZE"]
[SourceTitle "playchess.com"]
[Source "ChessBase"]
[SourceQuality "1"]
[TimeControl "40/5400+30:1800+30"]

1. Nf3 c5 2. c4 g6 3. e4 Bg7 4. d4 cxd4 5. Nxd4 Nc6 6. Be3 Qb6 7. Nb3 Qd8 8. Qd2 Nf6 9. f3 d6 10. Nc3 Be6 11. Be2 O-O 12. O-O a5 13. Nd4 Nxd4 14. Bxd4 a4 15. b4 Nd7 16. a3 Bxd4+ 17. Qxd4 Qb6 18. Qxb6 Nxb6 19. Nd5 Bxd5 20. cxd5 Rfc8 21. Rac1 1/2-1/2